 Dungeon Crawl Stone Soup version 0.27.1-34-g3ba077fa99 (webtiles) character file.

Game seed: 2993401388597056766

769 Karpo the Covert (level 7, -4/32 HPs)
             Began as a Spriggan Enchanter on Jan 24, 2022.
             Succumbed to an orc's poison
             ... on level 5 of the Dungeon.
             The game lasted 00:12:06 (7575 turns).

Karpo the Covert (Spriggan Enchanter)               Turns: 7575, Time: 00:12:07

Health: -4/32      AC:  3    Str: 10    XL:     7   Next: 52%
Magic:  8/14       EV: 17    Int: 18    God:
Gold:   196        SH:  0    Dex: 16    Spells: 8/14 levels left

rFire    . . .     SeeInvis +   k - +1 dagger (freeze)
rCold    . . .     Faith    .   (shield restricted)
rNeg     . . .     Spirit   .   b - +0 robe
rPois    .         Reflect  .   (helmet restricted)
rElec    .         Harm     .   w - +0 cloak
rCorr    .         Rampage  .   (gloves unavailable)
Will     ++...                  (boots unavailable)
Stlth    ++++......             (no amulet)
HPRegen  0.10/turn              d - ring of willpower
MPRegen  0.14/turn              f - +6 ring of strength

@: brilliant, lethally poisoned (-4 -> -27), very quick
A: very small, no large weapons, unfitting armour, see invisible, speed 3
a: no special abilities


You were on level 5 of the Dungeon.
You visited 1 branch of the dungeon, and saw 6 of its levels.

You collected 196 gold pieces.

Inventory:

Hand Weapons
 a - a +1 dagger
 j - a +0 short sword
 k - a +1 dagger of freezing (weapon)
 u - a +1 whip of venom
 y - a +0 rapier
Armour
 b - a +0 robe (worn)
 w - a +0 cloak (worn)
Jewellery
 d - a ring of willpower (left hand)
 f - a +6 ring of strength (right hand)
 o - a ring of flight
 B - a ring of poison resistance
Scrolls
 c - 2 scrolls of identify
 e - a scroll of holy word {unknown}
 g - a scroll of enchant weapon {unknown}
 h - 4 scrolls of teleportation
 n - a scroll of fear {unknown}
 p - a scroll of noise {unknown}
 q - a scroll of summoning {unknown}
 v - 2 scrolls of amnesia {unknown}
 x - 3 scrolls of fog {unknown}
 z - a scroll of enchant armour {unknown}
Potions
 i - a potion of magic
 m - a potion of curing {unknown}
 r - a potion of lignification {unknown}
 s - a potion of might {unknown}
 t - 2 potions of mutation
 A - a potion of heal wounds {unknown}
 C - a potion of invisibility {unknown}


   Skills:
 - Level 5.0 Short Blades
 - Level 2.6 Dodging
 - Level 8.0 Stealth
 - Level 4.0 Spellcasting
 + Level 7.1 Hexes


You had 8 spell levels left.
You knew the following spells:

 Your Spells              Type           Power      Damage    Failure   Level
a - Corona                Hex            47%        N/A       1%          1
b - Ensorcelled Hibernat  Hex/Ice        48%        N/A       5%          2
c - Confusing Touch       Hex            43%        N/A       2%          3

Your spell library contained the following spells:

 Spells                   Type           Power      Damage    Failure   Level
 Tukima's Dance           Hex            43%        N/A       2%          3
 Dazzling Flash           Conj/Hex       48%        N/A       11%         3


Dungeon Overview and Level Annotations

Branches:
Dungeon (6/15)             Temple (0/1) D:5

Altars:

Shops:
D:1 [   D:5 (


Innate Abilities, Weirdness & Mutations

You are very small and have problems with some larger weapons.
You are too small for most types of armour.
You have supernaturally acute eyesight. (SInv)
You cover ground extremely quickly. (Speed+++)


Message History

The orc wizard looks drowsy...
The orc barely misses you.
The helpless orc wizard fails to defend itself.
You spit the orc wizard like a pig!!! You freeze the orc wizard.
You kill the orc wizard!
The orc completely misses you.
Your Hexes skill increases to level 7!
You barely miss the orc.
The orc hits you with a +1 dagger of venom.
You hit the orc but do no damage. You barely miss the orc.
The orc hits you with a +1 dagger of venom.
You are poisoned.
Your magical contamination has completely faded away.
You hit the orc but do no damage.
You feel very sick.
The orc hits you with a +1 dagger of venom.
You hit the orc but do no damage.
You feel sick. The orc closely misses you.
You hit the orc but do no damage.
You feel sick. The orc hits you but does no damage.
You are more poisoned.
You completely miss the orc.
You feel very sick.
You closely miss the orc.
You feel sick.
The orc hits you with a +1 dagger of venom.
You are more poisoned.
You hit the orc. You freeze the orc.
The orc is severely wounded.
* * * LOW HITPOINT WARNING * * *
You feel very sick. The orc barely misses you.
You hit the orc but do no damage.
The orc is severely wounded.
* * * LOW HITPOINT WARNING * * *
You feel very sick.
The orc hits you with a +1 dagger of venom.
* * * LOW HITPOINT WARNING * * *
You are more poisoned.
It was a potion of brilliance.
You feel clever all of a sudden.
You die...

#.## ..# #..... #.##
....... #########..#
##........ .........#.##
#.......... ............##
#...........
.........[...###...........
.........>.)...............
..##.##.##@####............
#......o))####...........
..........................
..#..⌠...⌠..#.##...........
? #.........#.###..........
......>..... # ###........
(#....$....# ##.......
..⌠...⌠..# ###..... ####
##....


You could see an orc.

Vanquished Creatures
  3 necrophages
  2 ogres
  A water moccasin zombie (D:5)
  2 hounds (D:4)
  An orc priest (D:5)
  An orc wizard (D:5)
  Terence (D:2)
  Robin (D:2)
  4 adders
  An ufetubus (D:4)
  An adder skeleton (D:4)
  A worm (D:1)
  A dart slug (D:3)
  5 orcs
  4 ball pythons
  7 endoplasms
  2 giant cockroaches
  12 goblins
  9 hobgoblins
  4 jackals (D:2)
  3 quokkas
  4 bats (D:2)
  5 frilled lizards
  7 kobolds
  A rat (D:1)
83 creatures vanquished.

Notes
Turn   | Place    | Note
-------+----------+-------------------------------------------
     0 | D:1      | Karpo the Spriggan Enchanter began the quest for the Orb.
     0 | D:1      | Reached XP level 1. HP: 9/9 MP: 5/5
   340 | D:1      | Found a faded altar of an unknown god.
   556 | D:2      | Noticed Robin
   632 | D:1      | Reached skill level 5 in Stealth
   632 | D:1      | Reached XP level 2. HP: 13/13 MP: 6/6
   635 | D:1      | Learned a level 2 spell: Ensorcelled Hibernation
   660 | D:2      | Noticed Terence
   854 | D:1      | Found Ewiutuf's Antique Armour Shoppe.
  1431 | D:2      | Reached XP level 3. HP: 5/16 MP: 2/8
  2954 | D:2      | Killed Robin
  2955 | D:2      | Reached skill level 6 in Stealth
  3159 | D:1      | Reached XP level 4. HP: 12/21 MP: 6/9
  3570 | D:2      | Killed Terence
  3792 | D:2      | Learned a level 3 spell: Confusing Touch
  4376 | D:3      | Noticed an ogre
  4383 | D:3      | Killed an ogre
  4384 | D:3      | Reached skill level 7 in Stealth
  4384 | D:3      | Reached XP level 5. HP: 24/24 MP: 5/10
  5850 | D:4      | Noticed a necrophage
  5948 | D:4      | Killed a necrophage
  5949 | D:4      | Reached skill level 5 in Short Blades
  5949 | D:4      | Reached skill level 8 in Stealth
  5949 | D:4      | Reached XP level 6. HP: 24/28 MP: 8/11
  6349 | D:5      | Entered Level 5 of the Dungeon
  7048 | D:5      | Found Ineoxtyg's Antique Weapon Shop.
  7124 | D:5      | Reached skill level 5 in Hexes
  7124 | D:5      | Reached XP level 7. HP: 10/32 MP: 14/14
  7398 | D:5      | Found a staircase to the Ecumenical Temple.
  7574 | D:5      | HP: 1/32 [orc (4)]
  7575 | D:5      | Succumbed to an orc's poison

Illustrated notes

Levels and vault maps discovered:
D:1:      scummos_arrival_gate, layout_basic, shapermc_ecumenical_altar_gd,
          serial_shops, shop
D:2:      layout_rooms, amcnicky_mini_rare_corridor_liquid, minmay_nonomino_d4,
          uniq_terence, uniq_robin
D:3:      layout_basic, columned_hall_lemuel, minmay_liquid_box,
          roderic_lattice_a
D:4:      layout_loops_ring
D:5:      layout_cave_pods, minmay_temple_entry_large_hall, serial_shops, shop
D:6:      layout_cave_pools

Skill      XL: |  1  2  3  4  5  6  7 |
---------------+----------------------+-----
Stealth        | 5 6 7 8 |  8.0
Short Blades   | 2 3 4 5 |  5.0
Spellcasting   | 4 |  4.0
Hexes          | 5 7 |  7.1
Dodging        | |  2.6

Action                   |  1- 3 |  4- 6 |  7- 9 || total
-------------------------+-------+-------+-------++-------
Melee: Dagger            |   159 |   145 |    22 ||   326
 Cast: Ensorcelled Hiber |    22 |    17 |     4 ||    43
       Confusing Touch   |       |     3 |       ||     3
  Use: Scroll            |       |     3 |       ||     3
       Potion            |       |       |     1 ||     1
 Stab: Sleeping          |    15 |    15 |     5 ||    35
       Confused          |       |     3 |       ||     3
Armor: Robe              |    15 |    13 |     1 ||    29
Dodge: Dodged            |   134 |    80 |    18 ||   232
